 Dungeon Crawl Stone Soup version 0.32-a0-699-g1ee5eff69a (webtiles) character file.

Game seed: 3497842836384598669

165 BeKind the Chiller (level 5, -7/31 HPs)
             Began as an Octopode Ice Elementalist on Mar 13, 2024.
             Killed by divine providence
             ... invoked by an orc priest
              (11 damage)
             ... on level 3 of the Dungeon.
             The game lasted 00:03:28 (2196 turns).

BeKind the Chiller (Octopode Ice Elementalist)      Turns: 2196, Time: 00:03:29

Health: -7/31      AC:  8    Str:  7    XL:     5   Next: 46%
Magic:  6/9        EV: 18    Int: 19    God:
Gold:   105        SH:  0    Dex: 15    Spells: 6/10 levels left

rFire   . . .        o - +3 spear of Law {protect, rElec rPois Dex+2}
rCold   . . .        (no shield)
rNeg    . . .        (helmet restricted)
rPois   +            (no amulet)
rElec   +            r - +5 ring of evasion
rCorr   .            (no ring)
SInv    .            (no ring)
Will    .....        (no ring)
Stlth   +++          (no ring)
HPRegen 0.25/turn    (no ring)
MPRegen 0.11/turn    (no ring)
                     (no ring)

%: no passive effects
@: under a protective aura, freezing walls
A: almost no armour, amphibious, 8 rings, camouflage 1, gelatinous body 1,
(nimble swimmer 1), tentacles
a: Convert to Beogh


You were on level 3 of the Dungeon.
You visited 1 branch of the dungeon, and saw 3 of its levels.

You collected 105 gold pieces.

Inventory:

Hand Weapons
 e - a +0 dagger
 o - the +3 spear of Law (weapon) {protect, rElec rPois Dex+2}
   (You found it on level 3 of the Dungeon)

   Dex+2:     It affects your dexterity (+2).
   rElec:     It insulates you from electricity.
   rPois:     It protects you from poison.
Missiles
 m - a throwing net
Armour
 s - a +1 hat
Magical Staves
 d - a staff of alchemy
Jewellery
 r - a +5 ring of evasion (left tentacle)
Scrolls
 b - a scroll of identify {unknown}
 f - a scroll of revelation {unknown}
 j - 2 scrolls of blinking {unknown}
 l - a scroll of amnesia {unknown}
 n - a scroll of torment {unknown}
Potions
 a - a potion of magic
 c - a potion of degeneration {unknown}
 g - a potion of curing
 h - 3 potions of brilliance {unknown}
 i - a potion of lignification {unknown}
 k - 2 potions of cancellation {unknown}
 p - a potion of invisibility {unknown}
 q - a potion of resistance {unknown}


   Skills:
 * Level 2.0 Polearms
 + Level 3.2 Dodging
 - Level 3.0 Stealth
 + Level 3.0 Spellcasting
 + Level 4.7 Ice Magic


You had 6 spell levels left.
You knew the following spells:

 Your Spells              Type           Power      Damage    Failure   Level
a - Freeze                Ice            80%        1d9       2%          1
b - Frozen Ramparts       Ice            40%        1d7       6%          3

Your spell library contained the following spells:

 Spells                   Type           Power      Damage    Failure   Level
 Ozocubu's Armour         Ice            20%        N/A       6%          3
 Shock                    Conj/Air       8%         1d3       16%         1
 Summon Ice Beast         Ice/Summ       11%        N/A       17%         3
 Swiftness                Air            2%         N/A       41%         3
 Airstrike                Air            1%         2d(1-17)  83%         4


Dungeon Overview and Level Annotations

Branches:
Dungeon (3/15)

Altars:
Okawaru


Innate Abilities, Weirdness & Mutations

You cannot wear most types of armour.
You are amphibious.
You can wear up to eight rings at the same time.
Your skin changes colour to match your surroundings (Stealth+).
Your rubbery body absorbs attacks. (AC +1, EV +1)
((You are camouflaged when in or above water. (Stealth+)))
You have tentacles for arms and can constrict up to eight enemies at once.


Message History

The orc priest mumbles some strange prayers to Beogh against you.
Beogh smites you!
Ouch! That really hurt!
The orc priest shouts, "The Pantheon deserves no one's loyalty.
Let us show you the true path!" (press Y on the ability menu to convert to Beogh)
There are monsters nearby!
Casting: Freeze (safe; 2% risk of failure)
Confirm with . or Enter, or press ? or * to list all spells.
Casting: Frozen Ramparts (quite dangerous; 7% risk of failure)
Press: ? - help, Dir - look around, f - activate The walls around you are covered in ice.
You are too injured to fight recklessly!
Reach: o) +3 spear of Law {protect, rElec rPois Dex+2}
Press: ? - help, Dir - move target, f - orc
Aim: an orc, wielding a +2 morningstar of holy wrath and wearing a +0 leather armour (about 35% to evade the +3 spear of Law)
You reach to attack!
You hit the orc.
Your weapon exudes an aura of protection.
The orc is lightly wounded.
The wall freezes the orc.
Reach: o) +3 spear of Law {protect, rElec rPois Dex+2}
Press: ? - help, Dir - move target, f/p - orc
Aim: an orc, wielding a +2 morningstar of holy wrath and wearing a +0 leather armour (heavily wounded, about 35% to evade the +3 spear of Law)
The orc shouts!
The orc priest shouts, "Surrender to Beogh and we'll let you live!"
You hit the orc but do no damage. You grab the orc.
The orc is heavily wounded.
You constrict the orc.
The wall freezes the orc. x2
You kill the orc!
Reach: o) +3 spear of Law {protect, rElec rPois Dex+2}
Press: ? - help, Dir - move target, f - orc
Aim: an orc, wielding a +0 short sword (severely wounded, about 35% to evade the +3 spear of Law)
You reach to attack!
You hit the orc.
You kill the orc!
Unknown command.
The orc priest calls down the wrath of Beogh upon you.
Beogh smites you!
* * * LOW HITPOINT WARNING * * *
The orc priest calls down the wrath of Beogh upon you.
Beogh smites you!
You die...

#### ## ....# ##.. #...#
#.(.###...## ######### #.
..........# #........ ...
#.).).#..####.o......
#..##.._..##)..@))o......
#..#.).).#..####........
#...........# #........
#...###.$.## ######.##
#...)#...## #
#.#.....#################
..........................###
###...........#.####.####.#.###
#..##########.#..+.'..#.#...##


You could see an orc priest and an orc.

Vanquished Creatures
  An orc priest (D:3)
  A bombardier beetle (D:3)
  A jelly (D:3)
  An adder (D:2)
  2 dart slugs
  2 ribbon worms (D:2)
  7 orcs (D:3)
  3 bats (D:1)
  6 endoplasms
  5 goblins
  3 hobgoblins
  4 jackals (D:3)
  3 quokkas
  4 ball pythons
  4 frilled lizards
  4 kobolds
  2 rats (D:1)
53 creatures vanquished.

Notes
Turn   | Place    | Note
-------+----------+-------------------------------------------
     0 | D:1      | BeKind the Octopode Ice Elementalist began the quest for
                  | the Orb.
     0 | D:1      | Reached XP level 1. HP: 11/11 MP: 3/3
   233 | D:1      | Reached XP level 2. HP: 17/17 MP: 3/5
  1020 | D:2      | Reached XP level 3. HP: 4/21 MP: 0/6
  1195 | D:2      | Learned a level 3 spell: Frozen Ramparts
  1259 | D:2      | Found a faded altar of an unknown god.
  1811 | D:3      | Identified the +3 spear of Law {protect, rElec rPois Dex+2}
  1874 | D:3      | Reached XP level 4. HP: 27/27 MP: 7/7
  1961 | D:3      | Reached skill level 1 in Polearms
  1965 | D:3      | Reached XP level 5. HP: 27/31 MP: 7/9
  2086 | D:3      | Found an iron altar of Okawaru.
  2196 | D:3      | Killed from afar by an orc priest

Illustrated notes

Levels and vault maps discovered:
D:1:      shiori_arrival_maze, layout_basic, minivault_4
D:2:      layout_basic, shapermc_ecumenical_altar_hornbeckon
D:3:      minmay_door_path, layout_rooms, fedhas_altar_1,
          okawaru_ov_weapons_minmay

Skill      XL: |  1  2  3  4  5 |
---------------+----------------+-----
Stealth        | 3 |  3.0
Polearms       | 1 2 |  2.0
Dodging        | 3 |  3.2
Spellcasting   | 3 |  3.0
Ice Magic      | |  4.7

Action                     |  1- 3 |  4- 6 || total
---------------------------+-------+-------++-------
  Melee: Unarmed           |     6 |       ||     6
         Constrict         |     8 |     7 ||    15
         Dagger            |    14 |       ||    14
         Tentacles         |     5 |     5 ||    10
         Spear             |    11 |    33 ||    44
   Cast: Freeze            |    38 |       ||    38
         Frozen Ramparts   |       |     1 ||     1
    Use: Potion            |     1 |       ||     1
   Stab: Sleeping          |     4 |     6 ||    10
 Armour: Skin              |    17 |     2 ||    19
  Dodge: Dodged            |    33 |     8 ||    41

Table legend: (Time is in decaauts)
 A = Elapsed time spent in this place.
 B = Non-inter-level travel time spent in this place.
 C = Inter-level travel time spent in this place.
 D = Time resting spent in this place.
 E = Time spent auto-exploring this place.
 F = Levels seen in this place.
 G = Mean time per level.
                   A        B        C        D        E       F      G
               +--------+--------+--------+--------+--------+-----+--------+
         Total |   2195 |   2126 |     69 |      0 |   1817 |   3 |  731.7 |
       Dungeon |   2195 |   2126 |     69 |      0 |   1817 |   3 |  731.7 |
               +--------+--------+--------+--------+--------+-----+--------+

Top non-repeatable levels by time:
     D:1: 976 daAuts
     D:2: 764 daAuts
     D:3: 454 daAuts
